 Dungeon Crawl Stone Soup version 0.30-a0-772-g5528072125 (webtiles) character file.

Game seed: 12014826496503537911

1118 kingofthe the Sneak (level 8, -8/46 HPs)
             Began as an Octopode Fire Elementalist on Feb 12, 2023.
             Killed by nerve-wracking pain
             ... invoked by an orc priest
              (14 damage)
             ... on level 6 of the Dungeon on Feb 13, 2023.
             The game lasted 00:19:29 (6191 turns).

kingofthe the Sneak (Octopode Fire Elementalist)    Turns: 6191, Time: 00:19:29

Health: -8/46      AC:  1    Str: 13    XL:     8   Next: 34%
Magic:  6/14       EV: 15    Int: 17    God:
Gold:   264        SH:  0    Dex: 15    Spells: 10/15 levels left

rFire   . . .      SeeInvis .    b - +4 war axe (flame)
rCold   . . .      Faith    .    (no shield)
rNeg    . . .      Spirit   .    (helmet restricted)
rPois   .          Reflect  .    (no amulet)
rElec   .          Harm     .    p - ring of resist corrosion
rCorr   +          Rampage  .    y - +6 ring of strength
Will    .....                    (no ring)
Stlth   ++++                     (no ring)
HPRegen 0.27/turn                (no ring)
MPRegen 0.14/turn                (no ring)
                                 (no ring)
                                 (no ring)

@: no status effects
A: almost no armour, amphibious, 8 rings, camouflage 1, gelatinous body 1,
(nimble swimmer 1), tentacles
a: no special abilities


You were on level 6 of the Dungeon.
You visited 1 branch of the dungeon, and saw 6 of its levels.

You collected 264 gold pieces.

Inventory:

Hand Weapons
 a - a +0 rapier of speed
 b - a +4 war axe of flaming (weapon)
 x - the +11 spear of the Vestibule of Hell {antimagic, Str+2 Dex+5}
   (You found it on level 4 of the Dungeon)

   Str:       It affects your strength (+2).
   Dex:       It affects your dexterity (+5).
Jewellery
 p - a ring of resist corrosion (left tentacle)
 y - a +6 ring of strength (right tentacle)
Wands
 w - a wand of iceblast (13)
Scrolls
 h - 5 scrolls of teleportation {unknown}
 i - 2 scrolls of fog {unknown}
 j - a scroll of blinking {unknown}
 k - a scroll of magic mapping {unknown}
 l - a scroll of fear {unknown}
 m - a scroll of enchant weapon {unknown}
 n - a scroll of poison {unknown}
 q - 3 scrolls of identify {unknown}
 r - a scroll of vulnerability {unknown}
 s - a scroll of noise {unknown}
 A - a scroll of butterflies {unknown}
Potions
 c - a potion of attraction {unknown}
 d - 2 potions of flight {unknown}
 e - 3 potions of heal wounds {unknown}
 f - 2 potions of might {unknown}
 g - 2 potions of curing {unknown}
 o - 2 potions of magic
 t - a potion of brilliance {unknown}
 u - 2 potions of mutation {unknown}
 v - a potion of ambrosia {unknown}
 z - 2 potions of invisibility {unknown}


   Skills:
 * Level 5.3 Dodging
 + Level 5.6 Stealth
 + Level 4.2 Spellcasting
 + Level 3.4 Conjurations
 * Level 3.2 Translocations
 + Level 4.4 Fire Magic


You had 10 spell levels left.
You knew the following spells:

 Your Spells              Type           Power      Damage    Failure   Level
a - Foxfire               Conj/Fire      68%        2x1d7     3%          1
b - Scorch                Fire           36%        2d6       3%          2
c - Blink                 Tloc           28%        N/A       6%          2

Your spell library contained the following spells:

 Spells                   Type           Power      Damage    Failure   Level
 Magic Dart               Conj           60%        1d6       3%          1
 Searing Ray              Conj           30%        2d5       5%          2
 Lesser Beckoning         Tloc           28%        N/A       6%          2
 Momentum Strike          Conj/Tloc      30%        3d8       6%          2
 Kindle Blastsparks       Fire/Tloc/Air  24%        2d12      16%         3
 Inner Flame              Hex/Fire       11%        N/A       19%         3
 Call Imp                 Summ           3%         N/A       24%         2
 Ignite Poison            Fire/Tmut/Pois 8%         N/A       26%         3
 Mephitic Cloud           Conj/Pois/Air  7%         N/A       28%         3
 Flame Wave               Conj/Fire      17%        2d7       30%         4
 Passage of Golubria      Tloc           14%        N/A       36%         4
 Tukima's Dance           Hex            3%         N/A       43%         3
 Fulminant Prism          Conj/Hex       4%         3d5       58%         4
 Yara's Violent Unravell  Hex/Tmut       1%         3d3       99%         5
 Borgnjor's Revivificati  Necr           1%         N/A       100%        8
 Necromutation            Tmut/Necr      1%         N/A       100%        8
 Death's Door             Necr           1%         N/A       100%        9
 Animate Armour           Summ/Erth      Unusable   N/A       N/A         4

Dungeon Overview and Level Annotations

Branches:
Dungeon (6/15)
 Temple: D:4-7

Altars:
Dithmenos
Hepliaklqana
Nemelex Xobeh
Uskayaw
Wu Jian
Xom
The Shining One

Shops:
D:3 :   D:6 :

Annotations:
D:6 Grinder


Innate Abilities, Weirdness & Mutations

You cannot wear most types of armour.
You are amphibious.
You can wear up to eight rings at the same time.
Your skin changes colour to match your surroundings (Stealth+).
Your rubbery body absorbs attacks. (AC +1, EV +1)
((You are camouflaged when in or above water. (Stealth+)))
You have tentacles for arms and can constrict up to eight enemies at once.


Message History

The orc is almost dead.
You conjure some foxfire!
The foxfire hits the orc.
You kill the orc!
The orc priest casts a cantrip, but nothing happens.
Casting: Foxfire (safe; 3% risk of failure)
Confirm with . or Enter, or press ? or * to list all spells.
Flames lash the orc priest.
The orc priest is severely wounded.
The orc priest's fire resistance burns away.
The orc priest begins to cast a cantrip, but forgets the words!
The orc hits you with a +0 dagger.
You closely miss the orc. You grab the orc. You squeeze the orc.
The orc is severely wounded.
You constrict the orc.
You kill the orc!
The orc priest miscasts a cantrip.
The orc zaps a wand.
The mass of ice explodes!
The iceblast engulfs the orc.
The iceblast engulfs the orc!!
The orc dies!
The iceblast engulfs you! The orc hits you with a +0 short sword.
You hear a shout! x6
You are too injured to fight recklessly!
You slash the orc! You burn the orc.
You kill the orc!
You hear a shout! x2
The orc priest mumbles some strange prayers to Beogh against you.
Beogh smites you!
* * * LOW HITPOINT WARNING * * *
The orc priest mumbles some strange prayers to Beogh against you.
Pain shoots through your body!
* * * LOW HITPOINT WARNING * * *
Casting: Scorch (safe; 3% risk of failure)
Confirm with . or Enter, or press ? or * to list all spells.
Flames lash the orc priest.
The orc priest is heavily wounded.
The orc priest's fire resistance burns away.
The orc priest is no longer more vulnerable to fire.
The orc priest calls down the wrath of Beogh upon you.
Pain shoots through your body!
You die...

#.# #.##....#### #.
#^#######.<. #.#
####..##
#####.###....##
#.........####
###.#...#####
#...#...#
#.##)###...##########
#oo)@# #...#.........
..!..####
#.....######## ....
#...### ... #<..# ##
#...# #..<# #####


You could see 2 orc priests.

Vanquished Creatures
  Maggie (D:6)
  Menkaure (D:5)
  An ice beast (D:6)
  A black bear (D:5)
  Blork the orc (D:5)
  A kobold brigand (D:6)
  2 necrophages
  A jelly (D:4)
  2 iguanas (D:6)
  7 gnolls
  6 adders
  2 white imps (D:6)
  An ufetubus (D:5)
  2 worms (D:4)
  3 dart slugs
  8 orcs
  7 ball pythons
  3 bats (D:1)
  10 endoplasms
  A giant cockroach (D:2)
  6 hobgoblins
  6 kobolds
  5 quokkas
  2 frilled lizards
  3 goblins
  3 rats (D:1)
86 creatures vanquished.

Vanquished Creatures (others)
  An orc (D:6)
  288 foxfires
289 creatures vanquished.

Grand Total: 375 creatures vanquished

Notes
Turn   | Place    | Note
-------+----------+-------------------------------------------
     0 | D:1      | kingofthe the Octopode Fire Elementalist began the quest
                  | for the Orb.
     0 | D:1      | Reached XP level 1. HP: 11/11 MP: 3/3
   149 | D:1      | Reached XP level 2. HP: 17/17 MP: 3/5
   268 | D:1      | Learned a level 2 spell: Scorch
   518 | D:1      | Reached XP level 3. HP: 21/21 MP: 1/6
   822 | D:1      | Got the Octavo of the Earthen Coward
  1040 | D:2      | Learned a level 2 spell: Blink
  1959 | D:2      | Reached XP level 4. HP: 27/27 MP: 3/7
  2316 | D:3      | Found a glowing golden altar of the Shining One.
  2427 | D:3      | Thanks dungeon gods
  2645 | D:3      | Found Huim's Book Shop.
  3059 | D:4      | Reached XP level 5. HP: 31/31 MP: 2/9
  3123 | D:4      | Found a hide-covered altar of Uskayaw.
  3300 | D:4      | Identified the +11 spear of the Vestibule of Hell
                  | {antimagic, Str+2 Dex+5}
  3570 | D:5      | Entered Level 5 of the Dungeon
  3592 | D:5      | Noticed Blork the orc
  3600 | D:5      | Noticed Menkaure
  4000 | D:5      | Killed Blork the orc
  4001 | D:5      | Reached XP level 6. HP: 31/36 MP: 1/11
  4260 | D:5      | Killed Menkaure
  5070 | D:5      | Reached XP level 7. HP: 36/41 MP: 4/12
  5300 | D:5      | Reached skill level 1 in Translocations
  5506 | D:6      | Reached skill level 5 in Stealth
  5526 | D:6      | Noticed Maggie
  5639 | D:6      | Found a shadowy altar of Dithmenos.
  5641 | D:6      | Found a sparkling altar of Nemelex Xobeh.
  5642 | D:6      | Found a shimmering altar of Xom.
  5643 | D:6      | Found an ornate altar of the Wu Jian Council.
  5644 | D:6      | Found a hazy altar of Hepliaklqana.
  5672 | D:6      | Killed Maggie
  5673 | D:6      | Reached skill level 5 in Dodging
  5673 | D:6      | Reached XP level 8. HP: 33/46 MP: 0/14
  5812 | D:6      | Found Mishruq's Book Shoppe.
  5865 | D:6      | Noticed Grinder
  6191 | D:6      | Killed from afar by an orc priest

Illustrated notes

#.# #........
#########.# ##.......
..........# ##.###.#
...$......# #.# #.#
..........########.# #.#
........)..........# #.#
.........########..# #.#
.........# #..# #.#
.......@.########..###.#
........................
........#########..###.#
#...###'# #..#.... ....
... #..#.#.# ### ?..
#..#.#.. ... #..#.#..
...## #..#.#.. #..#....


Turn 2427 on D:3: Thanks dungeon gods

Levels and vault maps discovered:
D:1:      lightli_arrival_boilingwater, layout_rooms
D:2:      layout_basic, dreamdust_mushroom_princess
D:3:      layout_basic, tso_oasis_becter, serial_shops, nicolae_square_shop
D:4:      layout_cave_pools, eat_drink_and_be_merry_uskayaw, serial_park,
          serial_park_tiny_pond, serial_park_gazebo
          [serial_park_minivault_5x5_1], serial_park_square2, serial_park_tiny_1
D:5:      layout_basic, nicolae_concentric_dashed_squares_wild,
          uniq_blork_the_orc, uniq_menkaure
D:6:      layout_rooms, grunt_temple_overflow_open, serial_shops,
          nicolae_shop_temple_entry_statues_fountains, minmay_ogre_servants,
          uniq_maggie, uniq_grinder

Skill      XL: |  1  2  3  4  5  6  7 |
---------------+----------------------+-----
Stealth        | 3 4 5 |  5.6
Dodging        | 3 4 5 |  5.3
Spellcasting   | 3 4 |  4.2
Conjurations   | 2 3 |  3.4
Translocations | 3 |  3.2
Fire Magic     | 4 |  4.4

Action                     |  1- 3 |  4- 6 |  7- 9 || total
---------------------------+-------+-------+-------++-------
  Melee: Unarmed           |    24 |       |       ||    24
         Constrict         |     5 |       |     1 ||     6
         Tentacles         |     8 |       |     2 ||    10
         War axe           |       |       |     9 ||     9
   Cast: Foxfire           |    57 |    67 |    49 ||   173
         Scorch            |     8 |    17 |    14 ||    39
 Armour: Skin              |     2 |       |       ||     2
  Dodge: Dodged            |    27 |    23 |     7 ||    57

Table legend: (Time is in decaauts)
 A = Elapsed time spent in this place.
 B = Non-inter-level travel time spent in this place.
 C = Inter-level travel time spent in this place.
 D = Time resting spent in this place.
 E = Time spent auto-exploring this place.
 F = Levels seen in this place.
 G = Mean time per level.
                   A        B        C        D        E       F      G
               +--------+--------+--------+--------+--------+-----+--------+
         Total |   6201 |   5890 |    311 |   1177 |   3957 |   6 | 1033.5 |
       Dungeon |   6201 |   5890 |    311 |   1177 |   3957 |   6 | 1033.5 |
               +--------+--------+--------+--------+--------+-----+--------+

Top non-repeatable levels by time:
     D:5: 1214 daAuts
     D:4: 1194 daAuts
     D:2: 1129 daAuts
     D:3: 985 daAuts
     D:1: 894 daAuts
     D:6: 783 daAuts
